[Event "Kerkinitida 2021"]
[Site "Yevpatoria"]
[Date "2021.10.23"]
[Round "5.7"]
[White "Samson, Anna Rao. T"]
[Black "Iljin, Viktor"]
[Result "0-1"]
[ECO "B07"]
[WhiteElo "1573"]
[BlackElo "1066"]
[Annotator "NA"]
[PlyCount "86"]
[EventDate "2021.10.19"]
[EventType "swiss"]
[SourceTitle "playchess.com"]
[Source "ChessBase"]
[SourceQuality "1"]
[TimeControl "5400+30"]

1. e4 d6 2. Nf3 Nd7 3. Nc3 Ngf6 4. Bc4 Nb6 5. Bb5+ c6 6. Ba4 Nxa4 7. Nxa4 Nxe4 8. d3 Nf6 9. Bg5 Bg4 10. Qe2 Bxf3 11. Qxf3 Qa5+ 12. Bd2 Qxa4 13. b3 Qg4 14. Qxg4 Nxg4 15. O-O g6 16. h3 Nf6 17. Rae1 Bg7 18. Bg5 h6 19. Bxf6 Bxf6 20. c4 Kd7 21. a4 a6 22. Re4 b5 23. cxb5 axb5 24. axb5 cxb5 25. Rc1 Rhc8 26. Rxc8 Rxc8 27. Rb4 Be5 28. g3 Kc6 29. Re4 f5 30. Re2 Kd5 31. Kg2 Rc3 32. Rd2 Rxb3 33. h4 Rb1 34. Kf3 Re1 35. Kg2 b4 36. f4 Bd4 37. Kf3 b3 38. Kg2 b2 39. Kf3 b1=Q 40. g4 Rd1 41. Re2 Qxd3+ 42. Kg2 Rg1+ 43. Kh2 Qg3# 0-1

[Event "Kerkinitida 2021"]
[Site "Yevpatoria"]
[Date "2021.10.23"]
[Round "5.8"]
[White "Aryslanov, Leonidas"]
[Black "Tihonov, Gennady"]
[Result "0-1"]
[ECO "C20"]
[WhiteElo "1121"]
[BlackElo "1827"]
[Annotator "NA"]
[PlyCount "98"]
[EventDate "2021.10.19"]
[EventType "swiss"]
[SourceTitle "playchess.com"]
[Source "ChessBase"]
[SourceQuality "1"]
[TimeControl "5400+30"]

1. e4 e5 2. Qh5 Nc6 3. Nc3 Nf6 4. Qd1 d5 5. exd5 Nxd5 6. Nxd5 Qxd5 7. b3 Bc5 8. Bb2 Bf5 9. c4 Qd6 10. Nf3 O-O 11. Be2 Rfe8 12. O-O Rad8 13. d3 Bxd3 14. Bxd3 Qxd3 15. Qxd3 Rxd3 16. Rad1 Rxd1 17. Rxd1 f6 18. Rd7 Rd8 19. Rxd8+ Nxd8 20. Nd2 Kf7 21. Kf1 Ke6 22. Ne4 Be7 23. g3 Nf7 24. f4 exf4 25. gxf4 Kf5 26. Nc3 c6 27. Bc1 g6 28. Be3 a6 29. a3 Bxa3 30. Bb6 Kxf4 31. Ne2+ Kg4 32. Bd4 f5 33. Kg2 Ng5 34. Kf2 f4 35. Bf6 Ne4+ 36. Kg2 f3+ 37. Kf1 fxe2+ 38. Kxe2 Nxf6 39. Kf2 Kf4 40. h4 Kg4 41. Ke3 Kxh4 42. Ke2 g5 43. Kf3 Kh3 44. b4 g4+ 45. Kf2 g3+ 46. Kg1 Ne4 47. b5 Nd2 48. b6 Bc5+ 49. Kh1 g2# 0-1

[Event "Kerkinitida 2021"]
[Site "Yevpatoria"]
[Date "2021.10.24"]
[Round "6.4"]
[White "Tihonov, Gennady"]
[Black "Chos, Alexey"]
[Result "0-1"]
[ECO "A46"]
[WhiteElo "1827"]
[BlackElo "2296"]
[Annotator "ChessBase"]
[PlyCount "198"]
[EventDate "2021.10.19"]
[EventType "swiss"]
[SourceTitle "playchess.com"]
[Source "ChessBase"]
[SourceQuality "1"]
[TimeControl "5400+30"]

1. d4 Nf6 2. Nf3 d6 3. g3 b5 4. Bg2 Bb7 5. O-O Nbd7 6. Re1 a6 7. Nbd2 c5 8. c3 cxd4 9. cxd4 e6 10. b3 Be7 11. Bb2 Nb6 12. e4 d5 13. e5 Nfd7 14. Nf1 a5 15. Ne3 a4 16. Bf1 Ba6 17. Qd2 O-O 18. Bc3 Nb8 19. Nc2 Nc6 20. Rec1 Qd7 21. Nb4 Nb8 22. Bd3 Rc8 23. h4 Bb7 24. h5 Na6 25. Nxa6 Rxa6 26. Bb4 Rxc1+ 27. Rxc1 axb3 28. axb3 Nc4 29. bxc4 dxc4 30. Be2 h6 31. Bxe7 Qxe7 32. Qb2 Bc6 33. Ne1 Ra3 34. Rc3 Rxc3 35. Qxc3 Bd5 36. Nc2 Be4 37. Nb4 Qa7 38. f3 Bb7 39. Kf2 Qa4 40. Ke1 Qa8 41. Bd1 Qd8 42. f4 Be4 43. Kf2 g5 44. hxg6 Bxg6 45. Bc2 Bxc2 46. Nxc2 Qa8 47. Ne3 Qe4 48. Ng4 Kg7 49. Nh2 Qb1 50. Nf3 Qa2+ 51. Nd2 b4 52. Qxb4 Qc2 53. Qxc4 Qxd2+ 54. Kf3 h5 55. Qa4 Qd3+ 56. Kg2 Qe2+ 57. Kg1 Qf3 58. Kh2 Qf2+ 59. Kh3 Qg1 60. Qc6 Qxd4 61. Qf3 Kh6 62. Kh4 Qd8+ 63. Kh3 Qd5 64. Kg2 Qd2+ 65. Kf1 Qc1+ 66. Ke2 Qc2+ 67. Ke3 Qf5 68. Kd4 Kg7 69. Qe3 Qg4 70. Kc5 Qd1 71. Kc4 Qd5+ 72. Kc3 Kg6 73. Kb4 Kf5 74. Qa7 Kg6 75. Qe7 Qd4+ 76. Kb5 Kg7 77. Qg5+ Kf8 78. Qxh5 Qd3+ 79. Kc5 Qxg3 80. Qh8+ Ke7 81. Qf6+ Ke8 82. Kd6 Qd3+ 83. Kc5 Qc3+ 84. Kd6 Qb4+ 85. Kc6 Qa4+ 86. Kc5 Qa5+ 87. Kc6 Qa6+ 88. Kc7 Qa5+ 89. Kc6 Qd5+ 90. Kb6 Qc4 91. Kb7 Qc5 92. Ka6 Qb4 93. Ka7 Qb5 94. Qh8+ Kd7 95. Qf8 Qa5+ 96. Kb7 Qc7+ 97. Ka6 Kc6 98. Qe8+ Kd5 99. Qa4 Qc6+ 0-1

[Event "Kerkinitida 2021"]
[Site "Yevpatoria"]
[Date "2021.10.24"]
[Round "6.5"]
[White "Polukhin, Alexander"]
[Black "Baranov, Jury"]
[Result "0-1"]
[ECO "C00"]
[WhiteElo "2152"]
[BlackElo "2147"]
[Annotator "ChessBase"]
[PlyCount "68"]
[EventDate "2021.10.19"]
[EventType "swiss"]
[SourceTitle "playchess.com"]
[Source "ChessBase"]
[SourceQuality "1"]
[TimeControl "5400+30"]

1. e4 e6 2. b3 d5 3. Bb2 dxe4 4. Nc3 Nf6 5. Qe2 Be7 6. O-O-O O-O 7. g4 a5 8. a4 c6 9. g5 Nd5 10. h4 Na6 11. Qxe4 Nc5 12. Qd4 f6 13. Bg2 Qc7 14. Nh3 Kh8 15. f4 e5 16. Qc4 Nb4 17. gxf6 gxf6 18. Ne4 b5 19. Qe2 bxa4 20. Nxc5 a3 21. Ba1 Bxc5 22. fxe5 Bf5 23. exf6 Qf7 24. Qc4 Qxc4 25. bxc4 Nxc2 26. Bc3 Nd4 27. d3 Rab8 28. Kd2 Bb4 29. Rb1 c5 30. Nf4 Rxf6 31. Nd5 Rg6 32. Bf1 Bxc3+ 33. Nxc3 Rxb1 34. Nxb1 a2 0-1

[Event "Kerkinitida 2021"]
[Site "Yevpatoria"]
[Date "2021.10.24"]
[Round "6.6"]
[White "Brusilovskiy, Boris"]
[Black "Polukhin, Sergey"]
[Result "1/2-1/2"]
[ECO "B22"]
[WhiteElo "2067"]
[BlackElo "1410"]
[Annotator "ChessBase"]
[PlyCount "98"]
[EventDate "2021.10.19"]
[EventType "swiss"]
[SourceTitle "playchess.com"]
[Source "ChessBase"]
[SourceQuality "1"]
[TimeControl "5400+30"]

1. e4 c5 2. c3 g6 3. d4 cxd4 4. cxd4 d5 5. e5 Nc6 6. Nf3 Bg4 7. Be2 Nh6 8. O-O Nf5 9. Nbd2 a5 10. h3 Bxf3 11. Nxf3 Qb6 12. Bd3 Nfxd4 13. Nxd4 Qxd4 14. Qb3 Qb4 15. Qxd5 Rd8 16. Qb5 Bg7 17. Be3 Qxb5 18. Bxb5 Bxe5 19. Bh6 f6 20. h4 Kf7 21. Rae1 Rd4 22. f4 Bd6 23. b3 Re8 24. g3 Rd2 25. f5 Rd4 26. Bc4+ Rxc4 27. bxc4 Bxg3 28. Rb1 gxf5 29. Rxb7 Rg8 30. Kh1 Rg4 31. Bd2 f4 32. Be1 Rxh4+ 33. Kg1 Nd4 34. Rd7 Ne2+ 35. Kg2 Rh2+ 36. Kf3 Kg6 37. Rd2 Bxe1 38. Rxe1 Kf5 39. Rdxe2 Rh3+ 40. Kf2 e5 41. Rb1 f3 42. Re3 Kf4 43. Rbb3 e4 44. c5 Rh2+ 45. Ke1 Rh1+ 46. Kf2 Rh2+ 47. Ke1 Rh1+ 48. Kf2 Rh2+ 49. Ke1 Rh1+ 1/2-1/2

[Event "Kerkinitida 2021"]
[Site "Yevpatoria"]
[Date "2021.10.24"]
[Round "6.7"]
[White "Cherunov, Svyatoslav"]
[Black "Samson, Anna Rao. T"]
[Result "1-0"]
[ECO "C55"]
[WhiteElo "1240"]
[BlackElo "1573"]
[Annotator "NA"]
[PlyCount "125"]
[EventDate "2021.10.19"]
[EventType "swiss"]
[SourceTitle "playchess.com"]
[Source "ChessBase"]
[SourceQuality "1"]
[TimeControl "5400+30"]

1. e4 e5 2. Nf3 Nc6 3. Bc4 h6 4. Nc3 Nf6 5. d3 Bb4 6. Bd2 d6 7. h3 Qe7 8. Nd5 Bxd2+ 9. Qxd2 Nxd5 10. Bxd5 Nd4 11. Nxd4 exd4 12. O-O O-O 13. c3 c6 14. Bb3 Qf6 15. cxd4 Qxd4 16. Qc3 Qxc3 17. bxc3 Be6 18. f4 Rad8 19. f5 Bxb3 20. axb3 g6 21. Rxa7 Rd7 22. Rf3 Rb8 23. Kf2 d5 24. exd5 Rxd5 25. g4 gxf5 26. gxf5 b5 27. f6 b4 28. c4 Rd4 29. Rg3+ Kf8 30. Ke3 Rbd8 31. Kd2 h5 32. Rg7 Rxd3+ 33. Ke2 R3d7 34. Rxd7 Rxd7 35. Rh7 Kg8 36. Rxh5 Rd6 37. Rg5+ Kf8 38. Rf5 Ke8 39. c5 Re6+ 40. Kd3 Kd7 41. Rf4 Kc7 42. Kc4 Re3 43. h4 Kd7 44. Kxb4 Ke6 45. Ka4 Kd5 46. Rg4 Rf3 47. b4 Rxf6 48. h5 Rh6 49. Rh4 Ke5 50. b5 cxb5+ 51. Kxb5 Kd5 52. Rf4 Rxh5 53. Rxf7 Kd4 54. Rd7+ Ke5 55. c6 Ke6+ 56. Kb6 Rf5 57. Rd2 Rf8 58. c7 Rf7 59. c8=Q+ Ke5 60. Qe8+ Kf6 61. Rf2+ Kg5 62. Qg8+ Kh4 63. Rg2 1-0

[Event "Kerkinitida 2021"]
[Site "Yevpatoria"]
[Date "2021.10.24"]
[Round "6.8"]
[White "Aryslanov, Leonidas"]
[Black "Grinivetskii, Mark"]
[Result "0-1"]
[ECO "C55"]
[WhiteElo "1121"]
[BlackElo "1350"]
[Annotator "NA"]
[PlyCount "55"]
[EventDate "2021.10.19"]
[EventType "swiss"]
[SourceTitle "playchess.com"]
[Source "ChessBase"]
[SourceQuality "1"]
[TimeControl "5400+30"]

1. e4 e5 2. Nf3 Nc6 3. Nc3 Nf6 4. Bc4 Bb4 5. d3 h6 6. a3 Bxc3+ 7. bxc3 d6 8. O-O Bg4 9. h3 Bh5 10. Rb1 Rb8 11. Be3 d5 12. exd5 Nxd5 13. Bxd5 Qxd5 14. g4 Bg6 15. c4 Qe6 16. Re1 O-O 17. Qd2 f5 18. gxf5 Qxf5 19. Nh4 Qxh3 20. Nxg6 Qg4+ 21. Kh1 Rf3 22. Bf4 exf4 23. Nxf4 Rxf4 24. Re3 Nd4 25. Rg3 Qh4+ 26. Kg2 Rbf8 27. Rf1 Nf3 28. Rh1 0-1

[Event "Kerkinitida 2021"]
[Site "Yevpatoria"]
[Date "2021.10.25"]
[Round "7.5"]
[White "Polukhin, Sergey"]
[Black "Aryslanov, Leonidas"]
[Result "1-0"]
[ECO "C66"]
[WhiteElo "1410"]
[BlackElo "1121"]
[Annotator "NA RC"]
[PlyCount "89"]
[EventDate "2021.10.19"]
[EventType "swiss"]
[SourceTitle "playchess.com"]
[Source "ChessBase"]
[SourceQuality "1"]
[TimeControl "5400+30"]

1. e4 e5 2. Nf3 Nc6 3. Bb5 d6 4. d4 Bd7 5. Nc3 Nf6 6. O-O Be7 7. Re1 exd4 8. Nxd4 Nxd4 9. Bxd7+ Qxd7 10. Qxd4 c5 11. Qd3 Rd8 12. Bf4 Nh5 13. Be3 O-O 14. Rad1 f5 15. Bxc5 fxe4 16. Qd5+ Kh8 17. Qxh5 Rf5 18. Qe2 Rxc5 19. Nxe4 Re5 20. f4 Re6 21. Qd3 d5 22. Ng3 Bc5+ 23. Kh1 Rxe1+ 24. Rxe1 Bf2 25. Re2 Bxg3 26. Qxg3 Qb5 27. Qe3 h6 28. c3 Rc8 29. h3 Qa5 30. a3 a6 31. f5 d4 32. Qe6 Rf8 33. cxd4 Rxf5 34. Qe8+ Kh7 35. Qe4 Kg6 36. g4 Kg5 37. Qxf5+ Qxf5 38. gxf5 Kxf5 39. d5 g5 40. d6 h5 41. d7 g4 42. d8=Q gxh3 43. Qf8+ Kg6 44. Re6+ Kh7 45. Rh6# 1-0

[Event "Kerkinitida 2021"]
[Site "Yevpatoria"]
[Date "2021.10.25"]
[Round "7.6"]
[White "Iljin, Viktor"]
[Black "Tihonov, Gennady"]
[Result "0-1"]
[ECO "D27"]
[WhiteElo "1066"]
[BlackElo "1827"]
[Annotator "NA RC"]
[PlyCount "86"]
[EventDate "2021.10.19"]
[EventType "swiss"]
[SourceTitle "playchess.com"]
[Source "ChessBase"]
[SourceQuality "1"]
[TimeControl "5400+30"]

1. d4 d5 2. c4 dxc4 3. e3 a6 4. Bxc4 e6 5. Nf3 Nf6 6. Nc3 c5 7. O-O Nc6 8. b3 cxd4 9. Nxd4 Nxd4 10. Qxd4 Qxd4 11. exd4 b5 12. Bd3 Bb7 13. Bg5 Rc8 14. Nxb5 $2 ({Better is} 14. Ne2 $15) 14... axb5 15. Bxb5+ Bc6 $4 {[%emt 0:03:02] [#]} (15... Kd8 $19 {avoids the disaster.} 16. a4 h6) 16. Rfc1 $1 Kd7 {[%emt 0:00:15] [#]} 17. Bxc6+ $4 (17. Rxc6 $1 $18 Rxc6 18. Rc1 {[%mdl 64] Pin}) 17... Rxc6 18. Rxc6 Kxc6 19. Bxf6 gxf6 20. Rc1+ Kb7 21. a4 (21. Kf1 $142) 21... Ba3 22. Rc4 Rc8 23. Rxc8 Kxc8 24. Kf1 Bb2 25. Ke2 Bxd4 26. f3 Kb7 27. Kd3 Bg1 28. h3 f5 29. g4 f4 30. Ke4 Be3 31. Kd3 Kc6 32. b4 Kd5 33. a5 e5 34. g5 Bf2 35. b5 Be1 36. a6 Bf2 37. Ke2 Bb6 38. Kd3 Ba7 39. Kc3 e4 40. fxe4+ Kxe4 41. Kb4 f3 42. Ka5 f2 43. b6 {[%emt 0:00:02] [#]} Bxb6+ $1 {[%emt 0:00:45] Promotion} 0-1

[Event "Kerkinitida 2021"]
[Site "Yevpatoria"]
[Date "2021.10.25"]
[Round "7.7"]
[White "Grinivetskii, Mark"]
[Black "Cherunov, Svyatoslav"]
[Result "1/2-1/2"]
[ECO "B33"]
[WhiteElo "1350"]
[BlackElo "1240"]
[Annotator "NA RC"]
[PlyCount "130"]
[EventDate "2021.10.19"]
[EventType "swiss"]
[SourceTitle "playchess.com"]
[Source "ChessBase"]
[SourceQuality "1"]
[TimeControl "5400+30"]

1. e4 c5 2. Nf3 Nc6 3. d4 cxd4 4. Nxd4 e5 5. Nf3 Nf6 6. Nc3 Bc5 7. Bg5 h6 8. Bh4 g5 9. Bg3 d6 10. Bc4 Bg4 11. h3 Be6 12. Bb3 Bb4 13. Qd3 Qb6 14. O-O-O Bxc3 15. bxc3 O-O-O 16. Nd2 d5 17. Qf3 Nxe4 18. Nxe4 dxe4 19. Qxe4 Bxb3 20. cxb3 Qc5 21. Kb2 b5 22. Qf5+ Kb8 23. Qxf7 a5 24. Rhe1 Rxd1 25. Rxd1 b4 26. c4 Rf8 27. Rd5 Qd4+ 28. Rxd4 Rxf7 29. Rd6 Kc7 30. Rxh6 Kb6 31. f3 Kc5 32. Bf2+ Nd4 33. Ra6 Rd7 34. Rxa5+ Kc6 35. Rxe5 Nxf3 36. Rc5+ Kb7 37. Rb5+ Ka6 38. gxf3 Rd2+ 39. Kb1 Rxf2 40. Rxb4 Rxf3 41. Rb5 Rxh3 42. Rxg5 Rh2 43. Rg3 Ka5 44. Rc3 Kb4 45. Rc2 Rh1+ 46. Kb2 Rh3 47. c5 Rh7 48. c6 Rc7 49. Rc4+ Ka5 50. a4 Kb6 51. Ka3 Ka5 52. b4+ Kb6 53. a5+ Kb5 54. Rc5+ Ka6 55. Ka4 Rc8 56. b5+ Ka7 57. b6+ Ka6 58. b7 Rf8 59. Rc4 Ka7 60. Kb5 Kb8 61. Kb6 Rf7 62. Rd4 Rxb7+ 63. Ka6 Rb3 64. Rc4 Ka8 65. c7 Rb6+ 1/2-1/2

[Event "Kerkinitida 2021"]
[Site "Yevpatoria"]
[Date "2021.10.26"]
[Round "8.6"]
[White "Tihonov, Gennady"]
[Black "Samson, Anna Rao. T"]
[Result "1-0"]
[ECO "C68"]
[WhiteElo "1827"]
[BlackElo "1573"]
[Annotator "NA RC"]
[PlyCount "55"]
[EventDate "2021.10.19"]
[EventType "swiss"]
[SourceTitle "playchess.com"]
[Source "ChessBase"]
[SourceQuality "1"]
[TimeControl "5400+30"]

1. e4 e5 2. Nf3 Nc6 3. Bb5 a6 4. Bxc6 bxc6 5. d3 d6 6. Nbd2 Bg4 7. h3 Bh5 8. Nf1 Qf6 9. g4 Bg6 10. Ng3 d5 11. O-O Rd8 12. Bg5 Qe6 13. Bxd8 Kxd8 14. c4 dxe4 15. dxe4+ Bd6 16. c5 Bxe4 17. Nxe4 Kd7 18. cxd6 cxd6 19. Nc5+ Ke7 20. Nxe6 fxe6 21. Qd3 Nf6 22. Rfd1 Rd8 23. Nxe5 a5 24. Nxc6+ Kf7 25. Nxd8+ Ke7 26. Qxd6+ Ke8 27. Qxe6+ Kf8 28. Qf7# 1-0

[Event "Kerkinitida 2021"]
[Site "Yevpatoria"]
[Date "2021.10.26"]
[Round "8.7"]
[White "Cherunov, Svyatoslav"]
[Black "Iljin, Viktor"]
[Result "1/2-1/2"]
[ECO "B06"]
[WhiteElo "1240"]
[BlackElo "1066"]
[Annotator "NA RC"]
[PlyCount "71"]
[EventDate "2021.10.19"]
[EventType "swiss"]
[SourceTitle "playchess.com"]
[Source "ChessBase"]
[SourceQuality "1"]
[TimeControl "5400+30"]

1. e4 d6 2. d4 Nd7 3. Nf3 g6 4. Nc3 Bg7 5. Bc4 Nb6 6. Bb3 Nf6 7. O-O O-O 8. h3 Nbd7 9. Re1 c5 10. e5 dxe5 11. dxe5 Ne8 12. e6 fxe6 13. Bxe6+ Kh8 14. Ne5 Bxe5 15. Rxe5 Ng7 16. Bxd7 Bxd7 17. Rd5 Qb6 18. Rxd7 c4 19. Be3 Qxb2 20. Bd4 Rad8 21. Rb1 Qa3 22. Bxg7+ Kxg7 23. Qd4+ Kf7 24. Rxd8 Rxd8 25. Qxd8 Qxc3 26. Qd5+ e6 27. Qf3+ Qxf3 28. gxf3 Kf6 29. Rxb7 Ke5 30. a4 Kd4 31. a5 Kc3 32. Rxa7 Kxc2 33. a6 c3 34. Rc7 Kb2 35. a7 c2 36. a8=Q 1/2-1/2

[Event "Kerkinitida 2021"]
[Site "Yevpatoria"]
[Date "2021.10.27"]
[Round "9.1"]
[White "Triapishko, Alexandr"]
[Black "Tihonov, Gennady"]
[Result "1-0"]
[ECO "A28"]
[WhiteElo "2506"]
[BlackElo "1827"]
[Annotator "ChessBase"]
[PlyCount "149"]
[EventDate "2021.10.19"]
[EventType "swiss"]
[SourceTitle "playchess.com"]
[Source "ChessBase"]
[SourceQuality "1"]
[TimeControl "5400+30"]

1. c4 e5 2. Nc3 Nf6 3. Nf3 Nc6 4. e4 Bb4 5. d3 h6 6. g3 Qe7 7. Bg2 Nd4 8. O-O Nxf3+ 9. Bxf3 c6 10. Na4 d6 11. a3 Ba5 12. b4 Bc7 13. Bg2 Bd7 14. Bb2 Rd8 15. d4 Bc8 16. Re1 Ng4 17. Qe2 O-O 18. Rad1 Rfe8 19. h3 Nf6 20. Qe3 Bb8 21. Re2 Nh7 22. Red2 Ng5 23. h4 Ne6 24. d5 Nf8 25. dxc6 bxc6 26. c5 Ne6 27. cxd6 Rxd6 28. Rxd6 Bxd6 29. Rc1 Qb7 30. Bf1 Rd8 31. Ba1 Qa8 32. Bc4 Qb7 33. Rd1 Qe7 34. Rd2 Bb8 35. Kg2 Rxd2 36. Qxd2 Qd6 37. Bc3 Qxd2 38. Bxd2 Kf8 39. Be3 Ke7 40. Kf3 Nd4+ 41. Bxd4 exd4 42. Ke2 f5 43. Kd3 f4 44. gxf4 Bxf4 45. Kxd4 Kd6 46. Nc5 Be5+ 47. Ke3 Bf6 48. h5 Bg4 49. Be2 Bg5+ 50. Kd3 Bc8 51. Kd4 Bf6+ 52. Ke3 a5 53. Bc4 axb4 54. axb4 Bg4 55. f4 Bc3 56. Be2 Bc8 57. Nd3 Ba6 58. Nf2 Bxe2 59. Kxe2 Bxb4 60. Nd3 Ba3 61. Kf3 c5 62. Ne5 Ke6 63. Nc4 Bc1 64. Kg4 Kf6 65. f5 Bg5 66. e5+ Kf7 67. Kf3 Ke7 68. Ke4 Bh4 69. Kd5 Bf2 70. Nd6 Bd4 71. f6+ gxf6 72. Nf5+ Kf8 73. e6 Be5 74. Nxh6 Bf4 75. Nf5 1-0

[Event "Kerkinitida 2021"]
[Site "Yevpatoria"]
[Date "2021.10.27"]
[Round "9.4"]
[White "Baranov, Jury"]
[Black "Tomilova, Elena"]
[Result "1-0"]
[ECO "E46"]
[WhiteElo "2147"]
[BlackElo "2256"]
[Annotator "NA"]
[PlyCount "164"]
[EventDate "2021.10.19"]
[EventType "swiss"]
[SourceTitle "playchess.com"]
[Source "ChessBase"]
[SourceQuality "1"]
[TimeControl "5400+30"]

1. d4 Nf6 2. c4 e6 3. Nc3 Bb4 4. e3 O-O 5. Bd2 c5 6. a3 Bxc3 7. Bxc3 Ne4 8. Ne2 b6 9. f3 Nxc3 10. Nxc3 Bb7 11. d5 exd5 12. cxd5 d6 13. Bd3 c4 14. Bc2 Nd7 15. O-O Re8 16. Qd4 Nc5 17. Rae1 Ba6 18. Rf2 Rc8 19. Qf4 Nd3 20. Bxd3 cxd3 21. Rd2 Bc4 22. Qd4 Qc7 23. e4 Qe7 24. Nd1 Qg5 25. Ne3 b5 26. Rf2 Qe5 27. Qxe5 Rxe5 28. Rc1 Ree8 29. Nf5 Rcd8 30. Nd4 Rc8 31. Nf5 Rcd8 32. Rc3 g6 33. b3 gxf5 34. bxc4 Rc8 35. Rxd3 bxc4 36. Rd4 fxe4 37. fxe4 Rc5 38. Rc2 Rec8 39. Rc3 Kg7 40. Kf2 Kf6 41. Rf3+ Ke7 42. Rd2 c3 43. Rc2 Rc4 44. Kg3 a5 45. Kf4 h5 46. Kf5 R8c5 47. Rh3 Rc8 48. Rd3 R8c7 49. g3 Rc8 50. Re3 f6 51. h3 Kf7 52. Re1 Rg8 53. Re3 Rgc8 54. g4 h4 55. Re1 Rb8 56. Rec1 Rb3 57. a4 Rb2 58. g5 Rxc2 59. Rxc2 fxg5 60. Kxg5 Ke7 61. Kf5 Rc5 62. Kg5 Rc4 63. Kf5 Kf7 64. Kg5 Ke8 65. Kf5 Ke7 66. Kg5 Rxe4 67. Rxc3 Rxa4 68. Rc7+ Kd8 69. Ra7 Kc8 70. Kf6 Kb8 71. Rd7 Ra3 72. Ke7 Rxh3 73. Rxd6 Rd3 74. Rd8+ Kb7 75. d6 Re3+ 76. Kd7 h3 77. Rh8 a4 78. Rh4 a3 79. Rb4+ Ka6 80. Kc6 Rc3+ 81. Kd5 h2 82. Rh4 a2 1-0

[Event "Kerkinitida 2021"]
[Site "Yevpatoria"]
[Date "2021.10.27"]
[Round "9.7"]
[White "Polukhin, Sergey"]
[Black "Iljin, Viktor"]
[Result "1-0"]
[ECO "B53"]
[WhiteElo "1410"]
[BlackElo "1066"]
[Annotator "NA RC"]
[PlyCount "37"]
[EventDate "2021.10.19"]
[EventType "swiss"]
[SourceTitle "playchess.com"]
[Source "ChessBase"]
[SourceQuality "1"]
[TimeControl "5400+30"]

1. e4 d6 2. d4 Nd7 3. Nf3 c5 4. Be3 b6 5. Bc4 h6 6. Nc3 g6 7. e5 cxd4 8. Bxd4 dxe5 9. Nxe5 Nxe5 10. Bxe5 Qxd1+ 11. Rxd1 f6 12. Nb5 e6 13. Nc7+ Ke7 14. Bd6+ Kd7 15. Bb5+ Kd8 16. Nxa8 Bxd6 17. Rxd6+ Ke7 18. Rd1 Bb7 19. Rd7+ 1-0